TOP OF THE 1ST |
Amarillo Archdukes batting - Pitching for Louisville Bats : LHP Bill Moore
|
Pitching: LHP Bill Moore
|
|
Batting: RHB Tony Quinn
|
0-0: Ball 1-0: Ball 2-0: Called Strike 2-1: SINGLE (Line Drive, 56D)
|
Batting: RHB José Tamayo
|
0-0: Ball 1-0: Ball 2-0: Ball 3-0: Called Strike 3-1: Foul Ball, location: 2F 3-2: Base on Balls Tony Quinn to second
|
Batting: LHB Howard Lambert
|
0-0: Called Strike 0-1: Foul Ball, location: 2F 0-2: Fly out, F9 (Line Drive, 9)
|
Batting: LHB Ron Crawford
|
0-0: Ball 1-0: Ball 2-0: Foul Ball, location: 2F 2-1: DOUBLE (Line Drive, 9LD) Tony Quinn scores José Tamayo to third Runner from 3rd tries for Home, SAFE, throw made home
|
Batting: LHB Michael Cook
|
0-0: Ball 1-0: Swinging Strike 1-1: Swinging Strike 1-2: Ball 2-2: Foul Ball, location: 2F 2-2: Strikes out swinging
|
Batting: RHB Michael Thomas
|
0-0: Ball 1-0: Called Strike 1-1: Ground out U3 (Groundball, 3)
|
Top of the 1st over - 2 run(s), 2 hit(s), 0 error(s), 1 left on base; Amarillo 2 - Louisville 0 |
BOTTOM OF THE 1ST |
Louisville Bats batting - Pitching for Amarillo Archdukes : RHP Raymond Gregg
|
Pitching: RHP Raymond Gregg
|
|
Batting: LHB Ramón Morales
|
0-0: Ball 1-0: Foul Ball, location: 2F 1-1: Foul Ball, location: 2F 1-2: Foul Ball, location: 2F 1-2: Ball 2-2: Ground out 3-1 (Groundball, 34)
|
Batting: RHB Dick Slagboom
|
0-0: Foul Ball, location: 2F 0-1: Ball 1-1: Ball 2-1: Ball 3-1: Base on Balls
|
Batting: RHB Jesús Cabrera
|
0-0: Ball 1-0: SINGLE (Groundball, 56D) Dick Slagboom to second
|
Batting: RHB Eric Thompson
|
0-0: Grounds into double play, 6-4-3 (Groundball, 6)
|
Bottom of the 1st over - 0 run(s), 1 hit(s), 0 error(s), 1 left on base; Amarillo 2 - Louisville 0 |
TOP OF THE 2ND |
Amarillo Archdukes batting - Pitching for Louisville Bats : LHP Bill Moore
|
Batting: RHB Esteban Lara
|
0-0: Ball 1-0: Ball 2-0: Ball 3-0: Hit by Pitch
|
Batting: RHB Herb Bunch
|
0-0: Ball 1-0: Ball 2-0: Called Strike 2-1: Fly out, F9 (Flyball, 9S)
|
Batting: RHB Nobuharu Hoshino
|
0-0: Ball 1-0: Swinging Strike 1-1: Swinging Strike 1-2: Ball Esteban Lara is caught stealing 2nd base 2-2: Strikes out swinging
|
Top of the 2nd over - 0 run(s), 0 hit(s), 0 error(s), 0 left on base; Amarillo 2 - Louisville 0 |
BOTTOM OF THE 2ND |
Louisville Bats batting - Pitching for Amarillo Archdukes : RHP Raymond Gregg
|
Batting: LHB Alex Henderson
|
0-0: Ball 1-0: Ball 2-0: Called Strike 2-1: Ball 3-1: Swinging Strike 3-2: SINGLE (Groundball, 4MD)
|
Batting: RHB John Denton
|
0-0: Called Strike 0-1: Ball 1-1: Called Strike 1-2: Ball 2-2: Grounds into double play, 6-4-3 (Groundball, 6)
|
Batting: LHB Jeff Forsyth
|
0-0: Fly out, F8 (Flyball, 8LM)
|
Bottom of the 2nd over - 0 run(s), 1 hit(s), 0 error(s), 0 left on base; Amarillo 2 - Louisville 0 |
TOP OF THE 3RD |
Amarillo Archdukes batting - Pitching for Louisville Bats : LHP Bill Moore
|
Batting: RHB Tony Quinn
|
0-0: Called Strike 0-1: Ball 1-1: Ball 2-1: Foul Ball, location: 2F 2-2: Foul Ball, location: 2F 2-2: Foul Ball, location: 2F 2-2: Foul Ball, location: 2F 2-2: Foul Ball, location: 2F 2-2: SINGLE (Groundball, 6MD)
|
Batting: RHB José Tamayo
|
0-0: Ball 1-0: Foul Ball, location: 2F 1-1: Called Strike 1-2: Strikes out swinging Tony Quinn steals 2nd base Batter strikes out.
|
Batting: LHB Howard Lambert
|
0-0: Called Strike 0-1: Ball 1-1: Foul Ball, location: 2F 1-2: Strikes out looking
|
Batting: LHB Ron Crawford
|
0-0: Ball 1-0: Swinging Strike 1-1: Ball 2-1: Foul Ball, location: 2F 2-2: Ball 3-2: 2-RUN HOME RUN (Flyball, 9LD), Distance : 354 ft
|
Batting: LHB Michael Cook
|
0-0: Ball 1-0: Swinging Strike 1-1: Ball 2-1: Foul Ball, location: 2F 2-2: Ball 3-2: Ground out 4-3 (Groundball, 4)
|
Top of the 3rd over - 2 run(s), 2 hit(s), 0 error(s), 0 left on base; Amarillo 4 - Louisville 0 |
BOTTOM OF THE 3RD |
Louisville Bats batting - Pitching for Amarillo Archdukes : RHP Raymond Gregg
|
Batting: RHB Shawn Marshall
|
0-0: Foul Ball, location: 2F 0-1: Ball 1-1: Swinging Strike 1-2: Foul Ball, location: 2F 1-2: Ball 2-2: Ball 3-2: Base on Balls
|
Batting: SHB Bob Warren
|
0-0: Fly out, F7 (Flyball, 7)
|
Batting: LHB Ramón Morales
|
0-0: Ball 1-0: Called Strike 1-1: Ball 2-1: Swinging Strike 2-2: Fielders Choice at 2nd, 4-6 (Groundball, 34)
|
Batting: RHB Dick Slagboom
|
0-0: Ball Throwing error on steal attempt, E2 Ramón Morales to third 1-0: Ball 2-0: Ball 3-0: Base on Balls
|
Batting: RHB Jesús Cabrera
|
0-0: Called Strike 0-1: Called Strike 0-2: SINGLE (Groundball, 4MD) Ramón Morales scores Dick Slagboom to second
|
Batting: RHB Eric Thompson
|
0-0: SINGLE (Line Drive, 6D) Dick Slagboom to third Jesús Cabrera to second Runner from 3rd tries for Home, SAFE, no throw
|
Batting: LHB Alex Henderson
|
0-0: Foul Ball, location: 2F 0-1: Ball 1-1: Ball 2-1: Foul Ball, location: 2F 2-2: Fielders Choice at 2nd, 6-4 (Groundball, 6)
|
Bottom of the 3rd over - 2 run(s), 2 hit(s), 1 error(s), 1 left on base; Amarillo 4 - Louisville 2 |
TOP OF THE 4TH |
Amarillo Archdukes batting - Pitching for Louisville Bats : LHP Bill Moore
|
Batting: RHB Michael Thomas
|
0-0: Ball 1-0: Called Strike 1-1: Ground out 5-3 (Groundball, 56S)
|
Batting: RHB Esteban Lara
|
0-0: Foul Ball, location: 2F 0-1: Called Strike 0-2: Ball 1-2: Ball 2-2: Strikes out swinging
|
Batting: RHB Herb Bunch
|
0-0: Ball 1-0: Called Strike 1-1: Called Strike 1-2: Foul Ball, location: 2F 1-2: Strikes out swinging
|
Top of the 4th over - 0 run(s), 0 hit(s), 0 error(s), 0 left on base; Amarillo 4 - Louisville 2 |
BOTTOM OF THE 4TH |
Louisville Bats batting - Pitching for Amarillo Archdukes : RHP Raymond Gregg
|
Batting: RHB John Denton
|
0-0: Called Strike 0-1: Ball 1-1: Foul Ball, location: 2F 1-2: Ball 2-2: Ball 3-2: Ground out 4-3 (Groundball, 4MS)
|
Batting: LHB Jeff Forsyth
|
0-0: Ball 1-0: Called Strike 1-1: Foul Ball, location: 2F 1-2: Ball 2-2: DOUBLE (Flyball, 7LM)
|
Batting: RHB Shawn Marshall
|
0-0: Ball 1-0: Ball 2-0: Foul Ball, location: 2F 2-1: DOUBLE (Line Drive, 89M) Jeff Forsyth scores
|
Batting: SHB Bob Warren
|
0-0: Ball 1-0: Ground out U3 (Groundball, 34) Shawn Marshall to third
|
Batting: LHB Ramón Morales
|
0-0: Ball 1-0: Called Strike 1-1: SINGLE (Groundball, 34D) Shawn Marshall scores
|
Batting: RHB Dick Slagboom
|
0-0: Ball Ramón Morales steals 2nd base 1-0: Foul Ball, location: 2F 1-1: Called Strike 1-2: SINGLE (Groundball, 5D) Ramón Morales to third Runner from 3rd tries for Home, SAFE, no throw
|
Batting: RHB Jesús Cabrera
|
0-0: Ball 1-0: Called Strike 1-1: Fielders Choice at 2nd, 4-6 (Groundball, 4)
|
Bottom of the 4th over - 3 run(s), 4 hit(s), 0 error(s), 0 left on base; Amarillo 4 - Louisville 5 |
TOP OF THE 5TH |
Amarillo Archdukes batting - Pitching for Louisville Bats : LHP Bill Moore
|
Batting: RHB Nobuharu Hoshino
|
0-0: Ground out 5-3 (Groundball, 56S)
|
Batting: RHB Tony Quinn
|
0-0: Called Strike 0-1: Foul Ball, location: 2F 0-2: Ball 1-2: Fly out, F2 (Popup, 25)
|
Batting: RHB José Tamayo
|
0-0: Fly out, F9 (Flyball, 9S)
|
Top of the 5th over - 0 run(s), 0 hit(s), 0 error(s), 0 left on base; Amarillo 4 - Louisville 5 |
BOTTOM OF THE 5TH |
Louisville Bats batting - Pitching for Amarillo Archdukes : RHP Raymond Gregg
|
Pitching: RHP Dalton Ray
|
|
Batting: RHB Eric Thompson
|
0-0: Called Strike 0-1: Ball 1-1: Ball 2-1: Foul Ball, location: 2F 2-2: Fly out, F4 (Popup, 34D)
|
Batting: LHB Alex Henderson
|
0-0: Ball 1-0: Ball 2-0: Fly out, F8 (Flyball, 89D)
|
Batting: RHB John Denton
|
0-0: Called Strike 0-1: Ball 1-1: Called Strike 1-2: Foul Ball, location: 2F 1-2: Foul Ball, location: 2F 1-2: Ground out 6-3 (Groundball, 6)
|
Bottom of the 5th over - 0 run(s), 0 hit(s), 0 error(s), 0 left on base; Amarillo 4 - Louisville 5 |
TOP OF THE 6TH |
Amarillo Archdukes batting - Pitching for Louisville Bats : LHP Bill Moore
|
Batting: LHB Howard Lambert
|
0-0: Called Strike 0-1: Ball 1-1: Swinging Strike 1-2: Ball 2-2: Strikes out swinging
|
Batting: LHB Ron Crawford
|
0-0: Ball 1-0: Called Strike 1-1: Foul Ball, location: 2F 1-2: Ball 2-2: Strikes out swinging
|
Batting: LHB Michael Cook
|
0-0: Ball 1-0: Ball 2-0: Called Strike 2-1: Called Strike 2-2: SINGLE (Groundball, 34D)
|
Pitching: LHP Carlos Menéndez
|
|
Batting: RHB Michael Thomas
|
0-0: Foul Ball, location: 2F 0-1: Called Strike 0-2: Ball 1-2: Foul Ball, location: 2F 1-2: Ball 2-2: Foul Ball, location: 2F 2-2: SINGLE (Groundball, 56) (infield hit) Michael Cook to second
|
Batting: RHB Esteban Lara
|
0-0: Ball 1-0: Ball 2-0: Ball Wild Pitch! Michael Cook to third Michael Thomas to second 3-0: Called Strike 3-1: Foul Ball, location: 2F 3-2: Base on Balls
|
Batting: RHB Herb Bunch
|
0-0: Ball 1-0: Foul Ball, location: 2F 1-1: Swinging Strike 1-2: Ball 2-2: Ball 3-2: Strikes out looking
|
Top of the 6th over - 0 run(s), 2 hit(s), 0 error(s), 3 left on base; Amarillo 4 - Louisville 5 |
BOTTOM OF THE 6TH |
Louisville Bats batting - Pitching for Amarillo Archdukes : RHP Dalton Ray
|
Batting: LHB Jeff Forsyth
|
0-0: Called Strike 0-1: Called Strike 0-2: Ball 1-2: Foul Ball, location: 2F 1-2: Strikes out swinging
|
Batting: RHB Shawn Marshall
|
0-0: Called Strike 0-1: Ball 1-1: Swinging Strike 1-2: Ball 2-2: Ball 3-2: Strikes out looking
|
Batting: SHB Bob Warren
|
0-0: Ball 1-0: Foul Ball, location: 2F 1-1: Called Strike 1-2: Foul Ball, location: 2F 1-2: Fly out, F4 (Line Drive, 4)
|
Bottom of the 6th over - 0 run(s), 0 hit(s), 0 error(s), 0 left on base; Amarillo 4 - Louisville 5 |
TOP OF THE 7TH |
Amarillo Archdukes batting - Pitching for Louisville Bats : LHP Carlos Menéndez
|
Batting: RHB Nobuharu Hoshino
|
0-0: Called Strike 0-1: Foul Ball, location: 2F 0-2: Ball 1-2: Strikes out swinging
|
Batting: RHB Tony Quinn
|
0-0: Ball 1-0: Called Strike 1-1: SINGLE (Line Drive, 4M)
|
Batting: RHB José Tamayo
|
0-0: Called Strike 0-1: Ball 1-1: Ball 2-1: SINGLE (Groundball, 6) (infield hit) Tony Quinn to second
|
Pinch Hitting: RHB Paul Ladd
|
Error on foul ball, E7 0-1: 3-RUN HOME RUN (Flyball, 7D), Distance : 368 ft
|
Pitching: RHP Manuel González
|
|
Batting: LHB Ron Crawford
|
0-0: Called Strike 0-1: Fly out, F8 (Line Drive, 8LD)
|
Batting: LHB Michael Cook
|
0-0: Ball 1-0: Ball 2-0: Called Strike 2-1: Ball 3-1: Called Strike 3-2: Base on Balls
|
Batting: RHB Michael Thomas
|
0-0: Ball Michael Cook steals 2nd base 1-0: Fly out, F8 (Flyball, 89S)
|
Top of the 7th over - 3 run(s), 3 hit(s), 1 error(s), 1 left on base; Amarillo 7 - Louisville 5 |
BOTTOM OF THE 7TH |
Louisville Bats batting - Pitching for Amarillo Archdukes : RHP Dalton Ray
|
Now in LF: Edwin Ryan
|
|
Batting: LHB Ramón Morales
|
0-0: Ball 1-0: Foul Ball, location: 2F 1-1: Ball 2-1: Ball 3-1: Base on Balls
|
Batting: RHB Dick Slagboom
|
0-0: Ball 1-0: Foul Ball, location: 2F 1-1: Ball 2-1: Ball 3-1: Base on Balls Ramón Morales to second
|
Batting: RHB Jesús Cabrera
|
0-0: Swinging Strike 0-1: Ball 1-1: Foul Ball, location: 2F 1-2: Ball 2-2: Ball 3-2: Strikes out swinging
|
Batting: RHB Eric Thompson
|
0-0: Ball Dick Slagboom is caught stealing 2nd base 1-0: Ball 2-0: Called Strike 2-1: Ball 3-1: Base on Balls
|
Pitching: LHP Charlie Conner
|
|
Batting: LHB Alex Henderson
|
0-0: Called Strike 0-1: Ball 1-1: Ball 2-1: Called Strike 2-2: Ball 3-2: Foul Ball, location: 2F 3-2: Base on Balls Eric Thompson to second
|
Batting: RHB John Denton
|
0-0: Ball 1-0: Ball 2-0: Foul Ball, location: 2F 2-1: Swinging Strike 2-2: Fly out, F8 (Flyball, 89S)
|
Bottom of the 7th over - 0 run(s), 0 hit(s), 0 error(s), 3 left on base; Amarillo 7 - Louisville 5 |
TOP OF THE 8TH |
Amarillo Archdukes batting - Pitching for Louisville Bats : RHP Manuel González
|
Batting: RHB Esteban Lara
|
0-0: Ball 1-0: Foul Ball, location: 2F 1-1: Ball 2-1: Ball 3-1: Base on Balls
|
Batting: RHB Herb Bunch
|
0-0: Called Strike 0-1: Ball 1-1: Swinging Strike 1-2: Strikes out swinging
|
Batting: RHB Nobuharu Hoshino
|
0-0: Ball 1-0: Called Strike 1-1: Ball 2-1: Called Strike 2-2: Foul Ball, location: 2F 2-2: Strikes out looking
|
Batting: RHB Tony Quinn
|
0-0: Ball 1-0: Called Strike 1-1: Ball 2-1: Foul Ball, location: 2F 2-2: Foul Ball, location: 2F 2-2: Strikes out swinging
|
Top of the 8th over - 0 run(s), 0 hit(s), 0 error(s), 1 left on base; Amarillo 7 - Louisville 5 |
BOTTOM OF THE 8TH |
Louisville Bats batting - Pitching for Amarillo Archdukes : LHP Charlie Conner
|
Pitching: RHP Brian Hull
|
|
Batting: LHB Jeff Forsyth
|
0-0: Ball 1-0: Foul Ball, location: 2F 1-1: Ball 2-1: Called Strike 2-2: Ball 3-2: Base on Balls
|
Batting: RHB Shawn Marshall
|
0-0: Ball 1-0: Grounds into double play, 3-6-3 (Groundball, 34)
|
Batting: SHB Bob Warren
|
0-0: Ball 1-0: Ball 2-0: Fly out, F8 (Flyball, 8RM)
|
Bottom of the 8th over - 0 run(s), 0 hit(s), 0 error(s), 0 left on base; Amarillo 7 - Louisville 5 |
TOP OF THE 9TH |
Amarillo Archdukes batting - Pitching for Louisville Bats : RHP Manuel González
|
Batting: RHB José Tamayo
|
0-0: Ball 1-0: Foul Ball, location: 2F 1-1: Ball 2-1: Fly out, F8 (Flyball, 89M)
|
Batting: LHB Edwin Ryan
|
0-0: Called Strike 0-1: Foul Ball, location: 2F 0-2: Ball 1-2: SINGLE (Groundball, 4MD)
|
Batting: LHB Ron Crawford
|
0-0: Ball 1-0: Fielders Choice at 2nd, 3-6 (Groundball, 3)
|
Batting: LHB Michael Cook
|
0-0: Fly out, F8 (Flyball, 8RM)
|
Top of the 9th over - 0 run(s), 1 hit(s), 0 error(s), 1 left on base; Amarillo 7 - Louisville 5 |
BOTTOM OF THE 9TH |
Louisville Bats batting - Pitching for Amarillo Archdukes : RHP Brian Hull
|
Pitching: LHP Rob Lucas
|
|
Batting: LHB Ramón Morales
|
0-0: Swinging Strike 0-1: Ball 1-1: Ball 2-1: Called Strike 2-2: Ball 3-2: Ground out 4-3 (Groundball, 4S)
|
Batting: RHB Dick Slagboom
|
0-0: Foul Ball, location: 2F 0-1: Foul Ball, location: 2F 0-2: Ball 1-2: Ball 2-2: Foul Ball, location: 2F 2-2: Ball 3-2: Ground out 6-3 (Groundball, 6)
|
Batting: RHB Jesús Cabrera
|
0-0: Called Strike 0-1: Ball 1-1: Called Strike 1-2: Ball 2-2: Ball 3-2: Base on Balls
|
Batting: RHB Eric Thompson
|
0-0: Foul Ball, location: 2F 0-1: Ball 1-1: Foul Ball, location: 2F 1-2: Foul Ball, location: 2F 1-2: Fly out, F9 (Flyball, 9LM)
|
Bottom of the 9th over - 0 run(s), 0 hit(s), 0 error(s), 1 left on base; Amarillo 7 - Louisville 5 |
|